[ AOE2 MATCH · #493774382 ]
UnrankedMongols vs Malay
Player's team · LOSS
Rival team · WIN
[ REPLAY ANALYSIS · EXTRACTED FROM THE RECORDED GAME ]
Feudal
8:29
Castle
21:36
Imperial
—
| APM avg | 28.1 |
| APM peak | 51 |
| eAPM avg | 11.3 |
| Villagers / military | 37 / 8 |
Focus
⚔️ 18.0% · 🌾 82.0%
Scout Cavalry ×8
Feudal
11:37
Castle
15:33
Imperial
—
| APM avg | 38.0 |
| APM peak | 74 |
| eAPM avg | 19.2 |
| Villagers / military | 38 / 46 |
Focus
⚔️ 43.8% · 🌾 56.2%
Karambit Warrior ×44 · Spearman ×2
Match map
Initial resources + every placement click. Lines = walls · curves = elevation contours. ◆ gold · ⬟ stone · ● berries · ✦ relic · ◌ wall gap
Your base· Open — unwalled flank
Just005's base· Open — unwalled flank
Smoothed initial terrain · ◌ = detected wall gap · hover for details
Inputs per minute
— klausera_br - - Just005
Build order — klausera_br
92 actions detected in the replay
| 0:00 | Create | Villager (Male) |
| 0:02 | Build | House |
| 0:05 | Build | House |
| 0:21 | Create | Villager (Male) |
| 0:26 | Create | Villager (Male) |
| 0:26 | Create | Villager (Male) |
| 0:26 | Create | Villager (Male) |
| 1:37 | Create | Villager (Male) |
| 1:37 | Create | Villager (Male) |
| 2:07 | Create | Villager (Male) |
| 2:07 | Create | Villager (Male) |
| 2:40 | Build | Lumber Camp |
| 2:58 | Create | Villager (Male) |
| 2:58 | Create | Villager (Male) |
| 3:21 | Create | Villager (Male) |
| 3:21 | Create | Villager (Male) |
| 3:29 | Build | House |
| 3:35 | Build | House |
| 3:41 | Create | Villager (Male) |
| 3:41 | Create | Villager (Male) |
| 4:11 | Create | Villager (Male) |
| 4:25 | Create | Villager (Male) |
| 4:59 | Build | House |
| 5:05 | Research | Loom |
| 5:34 | Build | Mill |
| 5:40 | Create | Villager (Male) |
| 6:19 | Research | Feudal Age |
| 7:01 | Build | Lumber Camp |
| 7:39 | Create | Villager (Male) |
| 8:05 | Build | Barracks |
| 8:29 | Age | Feudal Age |
| 8:48 | Research | Double-Bit Axe |
| 8:58 | Build | Stable |
| 9:02 | Create | Villager (Male) |
| 9:02 | Create | Villager (Male) |
| 9:50 | Create | Scout Cavalry |
| 9:51 | Create | Scout Cavalry |
| 9:51 | Create | Scout Cavalry |
| 9:58 | Create | Villager (Male) |
| 10:08 | Build | Farm |
| 10:09 | Build | Farm |
| 10:19 | Build | House |
| 10:27 | Create | Villager (Male) |
| 10:34 | Create | Scout Cavalry |
| 10:57 | Create | Villager (Male) |
| 11:05 | Build | Farm |
| 11:08 | Build | Farm |
| 11:11 | Build | Farm |
| 11:14 | Build | Farm |
| 11:23 | Create | Scout Cavalry |
| 11:33 | Build | Farm |
| 11:38 | Build | Farm |
| 11:41 | Build | Farm |
| 11:45 | Build | Farm |
| 12:07 | Create | Scout Cavalry |
| 12:09 | Create | Villager (Male) |
| 12:28 | Build | Blacksmith |
| 12:34 | Create | Villager (Male) |
| 12:39 | Build | Mining Camp |
| 13:17 | Research | Forging |
| 13:36 | Create | Villager (Male) |
| 13:36 | Create | Villager (Male) |
| 13:41 | Build | House |
| 13:43 | Build | House |
| 14:19 | Create | Villager (Male) |
| 14:22 | Build | Farm |
| 14:27 | Build | Farm |
| 14:29 | Create | Villager (Male) |
| 15:23 | Create | Villager (Male) |
| 15:27 | Build | Farm |
| 15:30 | Build | Farm |
| 15:32 | Create | Villager (Male) |
| 15:57 | Create | Villager (Male) |
| 15:59 | Build | Market |
| 16:21 | Research | Scale Barding Armor |
| 16:24 | Create | Scout Cavalry |
| 16:28 | Research | Bloodlines |
| 16:42 | Create | Villager (Male) |
| 16:58 | Create | Villager (Male) |
| 17:19 | Create | Villager (Male) |
| 18:01 | Create | Villager (Male) |
| 18:29 | Build | Watch Tower |
| 18:56 | Research | Castle Age |
| 19:42 | Create | Scout Cavalry |
| 19:51 | Build | House |
| 20:02 | Build | House |
| 20:10 | Research | Town Watch |
| 20:31 | Build | House |
| 20:34 | Build | House |
| 20:47 | Build | House |
| 21:36 | Age | Castle Age |
| 21:42 | Build | Town Center |
Build order — Just005
114 actions detected in the replay
| 0:00 | Create | Villager (Male) |
| 0:01 | Create | Villager (Male) |
| 0:01 | Create | Villager (Male) |
| 0:02 | Build | House |
| 0:04 | Build | House |
| 0:31 | Create | Villager (Male) |
| 0:32 | Create | Villager (Male) |
| 0:32 | Create | Villager (Male) |
| 1:26 | Create | Villager (Male) |
| 1:27 | Create | Villager (Male) |
| 1:47 | Build | Lumber Camp |
| 2:04 | Create | Villager (Male) |
| 2:04 | Create | Villager (Male) |
| 2:04 | Create | Villager (Male) |
| 2:20 | Build | House |
| 2:22 | Build | House |
| 2:33 | Create | Villager (Male) |
| 2:33 | Create | Villager (Male) |
| 3:01 | Create | Villager (Male) |
| 3:01 | Create | Villager (Male) |
| 3:15 | Create | Villager (Male) |
| 3:16 | Create | Villager (Male) |
| 4:28 | Create | Villager (Male) |
| 4:28 | Create | Villager (Male) |
| 4:28 | Create | Villager (Male) |
| 4:58 | Build | Mill |
| 5:08 | Create | Villager (Male) |
| 5:08 | Create | Villager (Male) |
| 5:08 | Create | Villager (Male) |
| 5:46 | Create | Villager (Male) |
| 5:46 | Create | Villager (Male) |
| 6:33 | Create | Villager (Male) |
| 6:34 | Create | Villager (Male) |
| 6:34 | Create | Villager (Male) |
| 6:34 | Create | Villager (Male) |
| 6:54 | Create | Villager (Male) |
| 6:54 | Create | Villager (Male) |
| 6:55 | Create | Villager (Male) |
| 7:52 | Create | Villager (Male) |
| 7:53 | Create | Villager (Male) |
| 7:53 | Create | Villager (Male) |
| 7:56 | Research | Loom |
| 8:06 | Build | House |
| 8:18 | Build | Mining Camp |
| 8:57 | Build | House |
| 9:07 | Build | Palisade Wall |
| 9:08 | Build | Palisade Wall |
| 9:10 | Build | Palisade Wall |
| 9:12 | Build | Palisade Wall |
| 9:14 | Build | Palisade Wall |
| 9:28 | Build | Barracks |
| 9:31 | Build | Palisade Wall |
| 9:32 | Build | Palisade Wall |
| 9:37 | Build | House |
| 9:38 | Build | Palisade Wall |
| 9:40 | Build | Palisade Wall |
| 9:42 | Research | Feudal Age |
| 11:37 | Age | Feudal Age |
| 11:43 | Build | Market |
| 12:09 | Create | Spearman |
| 12:20 | Build | Blacksmith |
| 12:38 | Build | Palisade Wall |
| 12:40 | Build | Palisade Wall |
| 13:02 | Build | Farm |
| 13:03 | Build | Farm |
| 13:16 | Build | Farm |
| 13:43 | Build | Farm |
| 13:57 | Research | Castle Age |
| 14:22 | Build | Farm |
| 14:26 | Build | Farm |
| 14:28 | Build | Farm |
| 14:55 | Build | Farm |
| 15:33 | Age | Castle Age |
| 16:04 | Create | Spearman |
| 16:58 | Build | Castle |
| 17:12 | Create | Villager (Male) |
| 17:13 | Create | Villager (Male) |
| 17:17 | Research | Forging |
| 17:28 | Build | Mining Camp |
| 17:55 | Build | Farm |
| 17:58 | Build | Farm |
| 18:05 | Build | Farm |
| 18:08 | Create | Villager (Male) |
| 18:51 | Create | Karambit Warrior |
| 18:52 | Create | Karambit Warrior |
| 18:52 | Create | Karambit Warrior |
| 18:52 | Create | Karambit Warrior |
| 19:08 | Create | Karambit Warrior |
| 19:08 | Create | Karambit Warrior |
| 19:14 | Create | Karambit Warrior |
| 19:14 | Create | Karambit Warrior |
| 19:18 | Create | Karambit Warrior |
| 19:18 | Create | Karambit Warrior |
| 19:41 | Create | Karambit Warrior |
| 19:42 | Create | Karambit Warrior |
| 19:44 | Create | Karambit Warrior |
| 19:44 | Create | Karambit Warrior |
| 19:59 | Create | Karambit Warrior |
| 19:59 | Create | Karambit Warrior |
| 20:10 | Build | Siege Workshop |
| 20:20 | Create | Karambit Warrior |
| 20:21 | Create | Karambit Warrior |
| 20:21 | Create | Karambit Warrior |
| 20:21 | Create | Karambit Warrior |
| 20:52 | Build | Lumber Camp |
| 21:02 | Create | Karambit Warrior ×2 |
| 21:03 | Create | Karambit Warrior ×2 |
| 21:33 | Create | Karambit Warrior ×3 |
| 21:33 | Create | Karambit Warrior ×3 |
| 21:34 | Create | Karambit Warrior ×3 |
| 21:42 | Create | Karambit Warrior ×4 |
| 21:43 | Create | Karambit Warrior ×5 |
| 21:43 | Create | Karambit Warrior |
| 21:43 | Create | Karambit Warrior |
Match timeline
| 8:05 | klausera_br · first_building Barracks |
| 8:29 | klausera_br · age_up feudal |
| 8:58 | klausera_br · first_building Stable |
| 9:07 | Just005 · wall_segment Palisade Wall x4 |
| 9:08 | Just005 · wall_segment Palisade Wall x8 |
| 9:10 | Just005 · wall_segment Palisade Wall x5 |
| 9:12 | Just005 · wall_segment Palisade Wall x2 |
| 9:14 | Just005 · wall_segment Palisade Wall x3 |
| 9:28 | Just005 · first_building Barracks |
| 9:31 | Just005 · wall_segment Palisade Wall x1 |
| 9:32 | Just005 · wall_segment Palisade Wall x1 |
| 9:38 | Just005 · wall_segment Palisade Wall x5 |
| 9:40 | Just005 · wall_segment Palisade Wall x4 |
| 11:37 | Just005 · age_up feudal |
| 12:38 | Just005 · wall_segment Palisade Wall x1 |
| 12:40 | Just005 · wall_segment Palisade Wall x1 |
| 12:48 | Just005 · first_market_sell 100 stone |
| 15:33 | Just005 · age_up castle |
| 16:41 | Just005 · first_market_buy 100 stone |
| 16:58 | Just005 · first_building Castle |
| 17:03 | klausera_br · first_market_sell 100 wood |
| 17:06 | klausera_br · first_market_buy 100 food |
| 20:10 | Just005 · first_building Siege Workshop |
| 21:36 | klausera_br · age_up castle |
| 22:11 | klausera_br · resign |
[ AI ANALYSIS · 1 CREDIT ]
What really happened in this match?
Wolo.gg analyzes every decision: build order, eco, micro, common mistakes by bracket. Personalized analysis on WhatsApp or Discord in 30 seconds.
Civ guide
Mongols
Perfil
klausera_br